[Event "Live Chess"]
[Site "Chess.com"]
[Date "2024.06.02"]
[Round "-"]
[White "Rusty_Bridges"]
[Black "santhoshrlokesh"]
[Result "1-0"]
[WhiteElo "1480"]
[BlackElo "1440"]
[TimeControl "300"]
[EndTime "8:28:29 PDT"]
[Termination "Rusty_Bridges won on time"]

1. e4 d5 2. exd5 e6 3. dxe6 Bxe6 4. Nf3 Bb4 5. a3 Ba5 6. b4 Bb6 7. Bb2 f6 8. d4 Nc6 9. c3 Nge7 10. Bb5 O-O 11.
O-O a6 12. Bxc6 Nxc6 13. Re1 Bg4 14. Nbd2 Qd5 15. h3 Bh5 16. c4 Qd8 17. c5 Ba7 18. Qb3+ Kh8 19. Qd3 b6 20. Qf5 Bg6 21. Qg4 bxc5 22. bxc5 Re8 23. Nh4 Bf7 24. Nf5 Bg6 25.
Nh4 Bf7 26. Nf5 Bg6 27. Nf3 Bxf5 28. Qxf5 a5 29. h4 h6 30. h5 a4 31. Rxe8+ Qxe8 32. Nh4 Qc8 33. Ng6+ Kg8 34. Qd5+ Kh7 35. Qxc6 Qf5 36.
Qf3 Qxf3 37. gxf3 c6 38. Re1 Bb8 39. Re6 Ra6 40. Re8 Ra8 41. Nf8+ Kg8 42. Nd7+ Kf7 43.
Rxb8 Ra7 44. Nb6 f5 45. Rd8 Kf6 46. d5+ Kg5 47. dxc6 Kxh5 48. Rd7 1-0

[Event "Live Chess"]
[Site "Chess.com"]
[Date "2024.06.02"]
[Round "-"]
[White "elephantgerrald"]
[Black "CarmelJane"]
[Result "0-1"]
[WhiteElo "871"]
[BlackElo "2043"]
[TimeControl "300"]
[EndTime "8:28:37 PDT"]
[Termination "CarmelJane won by checkmate"]

1. e4 g6 2. Nf3 Bg7 3. d4 c5 4.
dxc5 Qa5+ 5. Nc3 Qxc5 6. Bc4 Qxc4 7. Qd3 Bxc3+ 8. Bd2 Bxd2+ 9. Nxd2 Qxd3 10. cxd3 Nf6 11.
O-O Nc6 12. e5 Nxe5 13. f4 Nxd3 14. Nc4 O-O 15. Ne5 Nxe5 16. fxe5 Nd5 17. Rad1 Nb6 18. a4 d6 19. exd6 exd6 20. Rxd6 Nxa4 21. b3 Nb6 22. Rd3 Bf5 23. Rd4 Rad8 24. Rdf4 Nd5 25. Ra4 Ne3 26. Re1 Rd1 27. Kf2 Rxe1 28. Kxe1 Nc2+ 29. Kd2 Rd8+ 30. Kc3 Ne3 31. Rxa7 b5 32. Ra2 Nd5+ 33. Kd4 b4 34. Ke5 Nc3 35. Ra5 Kg7 36.
g4 f6+ 37. Kf4 Rd4+ 38. Kg3 Rxg4+ 39. Kf2 Rf4+ 40. Kg3 Rd4 41. Kf2 h5 42. Ra7+ Kh6 43.
Ra8 Kg5 44. Rh8 Rd2+ 45. Kg3 Ne4+ 46. Kf3 Rf2+ 47. Ke3 Rxh2 48. Kd4 Rh3 49. Kd5 Rxb3 50. Kc6 Rc3+ 51. Kb5 b3 52. Ka4 b2 53. Re8 b1=Q 54. Rxe4 Bxe4 55. Ka5 Ra3# 0-1

[Event "Live Chess"]
[Site "Chess.com"]
[Date "2024.06.02"]
[Round "-"]
[White "Ginger_GM"]
[Black "Zhevzh1k7"]
[Result "1-0"]
[WhiteElo "2665"]
[BlackElo "1128"]
[TimeControl "300"]
[EndTime "8:28:52 PDT"]
[Termination "Ginger_GM won by checkmate"]

1. e4 c6 2. Bc4 d5 3. Bb3 dxe4 4. Qh5 e6 5. Nc3 Nd7 6. Nxe4 Ngf6 7. Qh4 Nxe4 8. Qxe4 Nf6 9. Qh4 Be7 10. Nf3 O-O 11.
O-O Nd5 12. Qg3 Bd7 13. d4 c5 14. c4 Nb6 15. Rd1 cxd4 16. Rxd4 Bc5 17. Rh4 Qf6 18.
Bc2 h6 19. Rxh6 Nxc4 20. Rxf6 Bxf2+ 21. Kxf2 g6 22. Rxg6+ fxg6 23. Qxg6+ Kh8 24. Qh7# 1-0

[Event "Live Chess"]
[Site "Chess.com"]
[Date "2024.06.02"]
[Round "-"]
[White "PaulyD81"]
[Black "juniortay"]
[Result "0-1"]
[WhiteElo "979"]
[BlackElo "2257"]
[TimeControl "300"]
[EndTime "8:29:07 PDT"]
[Termination "juniortay won by checkmate"]

1. d4 Nf6 2. Bf4 d5 3. e3 c6 4. Nf3 Bf5 5. Nh4 e6 6. Nxf5 exf5 7. Nd2 Bd6 8. Bg3 O-O 9. Bd3 g6 10. Nf3 Re8 11. Ne5 Ne4 12. O-O Nxg3 13. hxg3 Bxe5 14.
dxe5 Rxe5 15. f4 Rxe3 16. Re1 Rxg3 17. Kf2 Rg4 18. g3 Nd7 19. Be2 Nf6 20. Bxg4 Nxg4+ 21. Kg2 Qb6 22. Qd2 d4 23. c3 c5 24. cxd4 cxd4 25. Re7 Qc6+ 26. Kh3 Qf3 27. Rf1 Qd5 28. b3 Rd8 29.
Rfe1 Kg7 30. Qd3 Rc8 31. Re8 Rxe8 32. Rxe8 Qh1# 0-1

[Event "Live Chess"]
[Site "Chess.com"]
[Date "2024.06.02"]
[Round "-"]
[White "mrsmarple1968"]
[Black "GwaryTek"]
[Result "0-1"]
[WhiteElo "1716"]
[BlackElo "1887"]
[TimeControl "300"]
[EndTime "8:29:07 PDT"]
[Termination "GwaryTek won by resignation"]

1. e4 Nf6 2. Nc3 d5 3. exd5 Nxd5 4. Nxd5 Qxd5 5. d3 Nc6 6. Nf3 e5 7. Be2 Be6 8. O-O f6 9. a3 Bc5 10. b4 Be7 11. Be3 a6 12. c4 Qd7 13. b5 axb5 14.
cxb5 Nd8 15. d4 e4 16. Ne1 O-O 17. Qc2 f5 18. f3 f4 19. Bc1 Qxd4+ 0-1

[Event "Live Chess"]
[Site "Chess.com"]
[Date "2024.06.02"]
[Round "-"]
[White "bobby_jamesFischer86"]
[Black "JanMur7"]
[Result "0-1"]
[WhiteElo "1637"]
[BlackElo "2285"]
[TimeControl "300"]
[EndTime "8:29:21 PDT"]
[Termination "JanMur7 won by resignation"]

1. d4 e5 2. dxe5 Nc6 3. Nf3 d6 4. Bg5 f6 5. exf6 Nxf6 6. c3 Be7 7. Nbd2 O-O 8. g3 Ng4 9. Bxe7 Qxe7 10. Bg2 Re8 11. O-O Qxe2 12. Qxe2 Rxe2 13. Rad1 Be6 14.
h3 Nge5 15. Nxe5 Nxe5 16. Bxb7 Rb8 17. Ba6 Rxd2 18. Rxd2 Nf3+ 19. Kg2 Nxd2 20. Re1 Ne4 21. Bd3 Nc5 22. Bf1 Re8 23. Bc4 Kf7 24. Kg1 Bxc4 0-1

[Event "Live Chess"]
[Site "Chess.com"]
[Date "2024.06.02"]
[Round "-"]
[White "RichardABates"]
[Black "DylanMeyer1"]
[Result "1-0"]
[WhiteElo "2374"]
[BlackElo "1702"]
[TimeControl "300"]
[EndTime "8:29:26 PDT"]
[Termination "RichardABates won by resignation"]

1. d4 d5 2. c4 dxc4 3. e4 e6 4. Bxc4 b6 5. Nf3 Bb7 6. Nc3 Ne7 7. O-O Ng6 8. Be3 Be7 9. Qe2 O-O 10. Rad1 c6 11. d5 exd5 12. exd5 cxd5 13. Bxd5 Bxd5 14. Rxd5 Qc7 15. Rfd1 Nc6 16. Rd7 Qc8 17. Nd5 Bc5 18. Bxc5 bxc5 19. Rc7 Qa6 20. Qxa6 1-0

[Event "Live Chess"]
[Site "Chess.com"]
[Date "2024.06.02"]
[Round "-"]
[White "mychess51"]
[Black "lateforthesky"]
[Result "0-1"]
[WhiteElo "1704"]
[BlackElo "2072"]
[TimeControl "300"]
[EndTime "8:29:42 PDT"]
[Termination "lateforthesky won on time"]

1. d4 Nf6 2. Nf3 g6 3. e3 Bg7 4. Bd3 d6 5. h4 h5 6. c4 c5 7. dxc5 dxc5 8. Qc2 O-O 9. Nc3 Nc6 10. a3 Bg4 11.
Bd2 Qd7 12. O-O-O Rad8 13. Be2 Qc8 14. Ng5 Bxe2 15. Nxe2 Ne5 16. Bc3 Qc7 17. Nf4 Neg4 18.
Rxd8 Qxd8 19. Rd1 Qc7 20. Rd3 e5 21. Nd5 Nxd5 22. Rxd5 Rd8 23. Qd2 Rxd5 24. cxd5 Qd7 25. f3 Nh6 26. e4 b5 27. Qe3 Qd6 28. g3 Kh8 29. f4 exf4 30. gxf4 Bxc3 31. Qxc3+ Kg8 32.
Qe3 Ng4 33. Qe2 Qxf4+ 34. Kb1 a6 35. Qxb5 axb5 36. d6 Qxd6 37. e5 Qxe5 38. Ka2 Qd5+ 0-1

[Event "Live Chess"]
[Site "Chess.com"]
[Date "2024.06.02"]
[Round "-"]
[White "KyryloPoluliakh"]
[Black "PhilMaybury64"]
[Result "0-1"]
[WhiteElo "1520"]
[BlackElo "1514"]
[TimeControl "300"]
[EndTime "8:30:18 PDT"]
[Termination "PhilMaybury64 won by checkmate"]

1. c4 e5 2. Nc3 Nc6 3. g3 Bc5 4. Bg2 a6 5. e3 d6 6. Nge2 Ba7 7. d4 Bd7 8. O-O h5 9. h4 g5 10. f4 gxf4 11. exf4 Nxd4 12. Nxd4 Bxd4+ 13. Kh1 Nh6 14. fxe5 dxe5 15. Bxb7 Rb8 16. Bd5 Be6 17. Bxe6 fxe6 18. Bxh6 Rxh6 19. Qf3 Qe7 20. Ne4 Rxb2 21. Nf6+ Rxf6 22. Qxf6 Qxf6 23. Rxf6 Ke7 24. Rh6 Rc2 25. Rxh5 Bxa1 26. g4 Rxc4 27. g5 Kf7 28. Rh7+ Kg6 29.
Rh6+ Kf5 30. Rf6+ Kg4 31. g6 Kxh4 32. Rxe6 Rg4 33. Rxa6 Kh3 34. Ra3+ Kh4 35. Ra6 Bd4 36. a4 Kh3 37. g7 Rg1# 0-1

[Event "Live Chess"]
[Site "Chess.com"]
[Date "2024.06.02"]
[Round "-"]
[White "goldinspiredphoenix"]
[Black "kylet1990"]
[Result "1-0"]
[WhiteElo "1478"]
[BlackElo "781"]
[TimeControl "300"]
[EndTime "8:30:19 PDT"]
[Termination "goldinspiredphoenix won by resignation"]

1. d4 c6 2. c4 d5 3. Nc3 Bf5 4. e3 e6 5. Nf3 Nf6 6. Be2 Ne4 7. Bd2 Nxc3 8. Bxc3 Bd6 9. O-O O-O 10. cxd5 cxd5 11. a3 Nc6 12. Qb3 b6 13. Bb5 Qd7 14. Bb4 Bxb4 15.
axb4 Qc7 16. Rfc1 Rac8 17. Rxc6 Qb7 18. Rxc8 Qxc8 19. h3 Be4 20. Nd2 a6 21. Nxe4 axb5 22. Nc3 f5 23. Nxb5 Qd7 24. Nc3 f4 25. Rf1 fxe3 26. fxe3 Re8 27. Qa4 Qe7 28. e4 dxe4 29. Nxe4 h6 30. Qc6 Qxb4 31. Qxe8+ 1-0

[Event "Live Chess"]
[Site "Chess.com"]
[Date "2024.06.02"]
[Round "-"]
[White "gobbles19"]
[Black "willc-h99"]
[Result "1-0"]
[WhiteElo "2235"]
[BlackElo "2559"]
[TimeControl "300"]
[EndTime "8:30:27 PDT"]
[Termination "gobbles19 won by resignation"]

1. e4 g6 2. d4 Bg7 3. Nc3 a6 4. a4 d6 5. Be2 Nd7 6. Nf3 e6 7. O-O h6 8. Be3 b6 9. Nd2 Bb7 10. f4 Ne7 11. Nf3 O-O 12. Qd2 Kh7 13. Bd3 f5 14. Rae1 Nf6 15. e5 Ne4 16. Bxe4 fxe4 17. Nh4 Nd5 18. Nxd5 Bxd5 19. g3 Qe7 20. Ng2 Bc4 21. Rf2 a5 22. b3 Ba6 23. c4 d5 24. Rc1 Rac8 25. Qc2 c5 26. dxc5 bxc5 27. cxd5 exd5 28. Bxc5 Qb7 29. Rd2 Rf7 30. Qb2 Rfc7 31. Rdc2 Bd3 32. Rc3 Rxc5 33. Rxc5 Rxc5 34. Rxc5 Bf8 35.
Rc1 Qb6+ 36. Kh1 e3 37. Qc3 Be4 38. Qc7+ Qxc7 39. Rxc7+ Kg8 40. Kg1 d4 41. Rc4 Bb4 42. Nxe3 dxe3 43. Rxe4 Bd2 44. Kf1 Kf7 45. Ke2 Ke6 46.
Rxe3 Bb4 47. Rd3 h5 48. Kf3 Kf5 49. Rd8 Be7 50. Ra8 h4 51. Rxa5 g5 52. fxg5 Bxg5 53. e6+ Kg6 54. Rxg5+ Kxg5 55. e7 h3 56. e8=Q 1-0

[Event "Live Chess"]
[Site "Chess.com"]
[Date "2024.06.02"]
[Round "-"]
[White "MagnersCarlsberg2870"]
[Black "Colm_Buckley"]
[Result "0-1"]
[WhiteElo "1753"]
[BlackElo "1884"]
[TimeControl "300"]
[EndTime "8:30:27 PDT"]
[Termination "Colm_Buckley won by resignation"]

1. d4 e6 2. Nd2 c5 3. e3 Nc6 4. Bd3 cxd4 5. exd4 Nxd4 6. Ngf3 Nxf3+ 7. Qxf3 Nf6 8. O-O Be7 9. Ne4 Nxe4 10. Qxe4 d5 11.
Bb5+ Bd7 12. Bxd7+ Qxd7 13. Qg4 Bf6 14. Rd1 O-O 15.
c3 Rad8 16. Be3 b6 17. Bd4 e5 18. Be3 Qxg4 0-1

[Event "Live Chess"]
[Site "Chess.com"]
[Date "2024.06.02"]
[Round "-"]
[White "ZatixMajor"]
[Black "HoarseyHorsey"]
[Result "1-0"]
[WhiteElo "2057"]
[BlackElo "1576"]
[TimeControl "300"]
[EndTime "8:30:28 PDT"]
[Termination "ZatixMajor won by checkmate"]

1. c4 Nf6 2. g3 d5 3. cxd5 Nxd5 4. Bg2 Bf5 5. e4 Be6 6. exd5 Bxd5 7. Nf3 Nc6 8. Nc3 Bc4 9. b3 Ba6 10. a4 e6 11. Nb5 Bc5 12. O-O O-O 13. d4 Bb4 14. Bf4 Rc8 15. Rc1 Bxb5 16. axb5 Ne7 17. Qd3 Nd5 18. Ng5 Nxf4 19. Qxh7# 1-0

[Event "Live Chess"]
[Site "Chess.com"]
[Date "2024.06.02"]
[Round "-"]
[White "ivan_1968"]
[Black "ShanthamGrarks"]
[Result "0-1"]
[WhiteElo "1808"]
[BlackElo "1911"]
[TimeControl "300"]
[EndTime "8:30:53 PDT"]
[Termination "ShanthamGrarks won on time"]

1. d4 Nf6 2. c4 e5 3. dxe5 Ng4 4. Bf4 Nc6 5. Nf3 Bc5 6. e3 Qe7 7. a3 Ngxe5 8. Nxe5 Nxe5 9. b4 Bd6 10. Be2 c5 11.
b5 Nxc4 12. Bxc4 Bxf4 13. Nc3 Be5 14. Nd5 Qh4 15. Rc1 O-O 16. Qf3 Bb2 17. Rd1 Qxc4 18.
Qg3 Bc3+ 19. Nxc3 Qxc3+ 20. Kf1 Qc4+ 21. Kg1 Qxb5 22. h4 h6 23. Qe5 b6 24. Qe4 Ba6 25. Rh3 Rfe8 26. Qf4 Qe2 27. Rxd7 Bc4 28. Rg3 Kh8 29.
Rxf7 Bxf7 30. Qxf7 Rg8 31. Rg6 Qh5 0-1

[Event "Live Chess"]
[Site "Chess.com"]
[Date "2024.06.02"]
[Round "-"]
[White "matt1979"]
[Black "AlanBstard10"]
[Result "1-0"]
[WhiteElo "1404"]
[BlackElo "1223"]
[TimeControl "300"]
[EndTime "8:30:58 PDT"]
[Termination "matt1979 won by resignation"]

1. d4 Nf6 2. Nc3 d5 3. Bf4 c5 4. e3 cxd4 5. exd4 e6 6. Nb5 Na6 7. c3 Bd7 8. a4 Bxb5 9. Bxb5+ Nd7 10. Nf3 Nc7 11. Bxd7+ Qxd7 12. Ne5 Qe7 13. Qb3 b6 14. Nc6 Qh4 15. Bg3 Qe4+ 16. Kf1 Qd3+ 17. Kg1 Rc8 18. Nxa7 Ra8 19. Qxb6 Rxa7 20. Qxa7 Qc4 21.
Qxc7 Qxc7 22. Bxc7 Kd7 23. Bb6 Bd6 24. a5 Rc8 25. g3 Bc7 26. Bxc7 Rxc7 27. Kg2 Rb7 28. b4 Kc6 29. Ra3 Kb5 30. a6 Ra7 31. Rha1 Kc4 32.
b5 Kd3 33. b6 Rd7 34. a7 1-0

[Event "Live Chess"]
[Site "Chess.com"]
[Date "2024.06.02"]
[Round "-"]
[White "viktor_forever1994"]
[Black "missedJariChance"]
[Result "0-1"]
[WhiteElo "1376"]
[BlackElo "1365"]
[TimeControl "300"]
[EndTime "8:30:59 PDT"]
[Termination "missedJariChance won by checkmate"]

1. e4 c5 2. Nf3 e6 3. d4 cxd4 4. Nxd4 Nc6 5. Nb3 a6 6. Nc3 Qc7 7. Be3 Nf6 8. Bd3 Bb4 9. O-O O-O 10. a3 Bd6 11. Re1 Bxh2+ 12. Kh1 Be5 13. Qd2 Ng4 14. f4 Nxe3 15. fxe5 Qxe5 16. Qxe3 Qh5+ 17. Kg1 Ne5 18. Rf1 Ng4 19. Qf3 Qh2# 0-1

[Event "Live Chess"]
[Site "Chess.com"]
[Date "2024.06.02"]
[Round "-"]
[White "DylanMeyer1"]
[Black "Ginger_GM"]
[Result "0-1"]
[WhiteElo "1702"]
[BlackElo "2665"]
[TimeControl "300"]
[EndTime "8:31:03 PDT"]
[Termination "Ginger_GM won by resignation"]

1. c4 f5 2. Nc3 Nf6 3. g3 d6 4.
Bg2 e5 5. e3 Be7 6. b3 O-O 7. Bb2 c6 8. Nge2 Be6 9. O-O d5 10.
d3 Nbd7 11. a3 Qe8 12. h3 Qh5 13. Kh1 f4 14. exf4 Bxh3 15. Ng1 Bg4+ 0-1

[Event "Live Chess"]
[Site "Chess.com"]
[Date "2024.06.02"]
[Round "-"]
[White "Plimsol"]
[Black "Trendle"]
[Result "1-0"]
[WhiteElo "2393"]
[BlackElo "2598"]
[TimeControl "300"]
[EndTime "8:31:05 PDT"]
[Termination "Plimsol won by resignation"]

1. e4 e6 2. d4 d5 3. Nc3 Bb4 4.
e5 c5 5. a3 Bxc3+ 6. bxc3 Ne7 7. Nf3 Qa5 8. Bd2 Bd7 9. a4 Nbc6 10. Rb1 c4 11. Rxb7 Qxa4 12. Be2 Qa6 13. Rb1 O-O 14.
O-O Rab8 15. Ra1 Qb6 16. Qc1 f6 17. Qa3 fxe5 18. Nxe5 Nxe5 19. Qxe7 Rf7 20. Qa3 Ng6 21. Qxa7 Qxa7 22. Rxa7 Rb2 23. Bd1 Be8 24. Ra8 Rf8 25.
Bc1 Rb1 26. Ba3 Bc6 27. Ra6 Rc8 28. Bg4 Rxf1+ 29. Kxf1 Bd7 30. Ra7 1-0

[Event "Live Chess"]
[Site "Chess.com"]
[Date "2024.06.02"]
[Round "-"]
[White "CheckThis4"]
[Black "TC2304"]
[Result "1-0"]
[WhiteElo "2679"]
[BlackElo "2322"]
[TimeControl "300"]
[EndTime "8:31:13 PDT"]
[Termination "CheckThis4 won by checkmate"]

1. d4 Nf6 2. Bg5 Ne4 3. Bf4 c5 4. d5 e6 5. f3 Qa5+ 6. c3 Nf6 7. e4 exd5 8. exd5 Qb6 9. Na3 Qxb2 10. Nb5 Na6 11. d6 Nh5 12. Bg5 f6 13. Be3 g5 14.
Nh3 Ng7 15. Bd2 Nf5 16. Bc4 Nxd6 17. Rb1 Qxb1 18. Qxb1 Nxc4 19. Qe4+ Ne5 20. Nxg5 d6 21. f4 fxg5 22. fxe5 d5 23. Qxd5 Be7 24. O-O Rf8 25. Nd6+ Bxd6 26. exd6 Rxf1+ 27. Kxf1 Kd7 28. Bxg5 Nb8 29.
Qf7+ Kxd6 30. Qf8+ Kd7 31. Qd8+ Kc6 32. Qxc8+ Kb6 33.
Bd8+ Ka6 34. Bc7 h5 35. Bxb8 h4 36. g3 hxg3 37. hxg3 Kb5 38. Qxb7+ Kc4 39. Qxa8 a5 40. Qe4+ Kb5 41. g4 a4 42. g5 a3 43. g6 c4 44. g7 Ka5 45. g8=Q Kb5 46. Qge8+ Kb6 47. Q4c6+ Ka5 48. Qb5# 1-0

[Event "Live Chess"]
[Site "Chess.com"]
[Date "2024.06.02"]
[Round "-"]
[White "lyricalschemes"]
[Black "Frankie_Badacsonyi"]
[Result "1/2-1/2"]
[WhiteElo "2197"]
[BlackElo "2359"]
[TimeControl "300"]
[EndTime "8:31:14 PDT"]
[Termination "Game drawn by agreement"]

1. e4 c6 2. d4 d5 3. Nc3 dxe4 4. Nxe4 Nf6 5. Nxf6+ exf6 6. Nf3 Bd6 7. Be2 O-O 8. O-O Bg4 9. c3 Re8 10. Be3 Nd7 11. Nh4 Bxe2 12. Qxe2 g6 13. Qf3 f5 14. g3 Be7 15. Ng2 Nf6 16. Bg5 Ne4 17. Bxe7 Rxe7 18. Rfe1 Qb6 19. b3 Rae8 20. Qd3 Qa5 21. c4 Kg7 22. Ne3 Qc3 23. Qxc3 Nxc3 24. a3 Kf8 25. Kf1 Ne4 26. Rad1 Ng5 27. h4 Nf3 28.
Re2 f4 29. gxf4 Nxh4 30. d5 cxd5 31. cxd5 Nf5 32. Rd3 Nd6 33. Rc2 Re4 34. Nc4 Nf5 35. d6 Rd8 36. d7 Re7 37. Rcd2 b6 38. Ne5 Re6 39. Rc2 Ne7 40. Rc7 f6 41. Nc4 a5 42.
Rd6 Kf7 43. Rxb6 Nd5 44. Rxe6 Kxe6 45. Ra7 Rxd7 46. Ra6+ Kf7 47. Rxa5 Nxf4 48. Ke1 1/2-1/2

[Event "Live Chess"]
[Site "Chess.com"]
[Date "2024.06.02"]
[Round "-"]
[White "LaupMiths"]
[Black "TheSmoulderingMaster"]
[Result "0-1"]
[WhiteElo "1798"]
[BlackElo "1786"]
[TimeControl "300"]
[EndTime "8:31:17 PDT"]
[Termination "TheSmoulderingMaster won by checkmate"]

1. Nf3 d5 2. g3 c5 3. Bg2 Nc6 4. d4 cxd4 5. Nxd4 Nf6 6. O-O Bd7 7. c4 dxc4 8. Nc3 g6 9. Bf4 Bg7 10. Ndb5 O-O 11. Rc1 a6 12. Na3 b5 13. Nd5 Nxd5 14. Qxd5 Bxb2 15. Nb1 Bxc1 16. Rxc1 Nb4 17. Qd2 a5 18. a3 Nc6 19. Qb2 Rb8 20. Bh6 e5 21.
Rd1 Re8 22. Bxc6 Bxc6 23. Rxd8 Rbxd8 24. Bg5 Rd1# 0-1

[Event "Live Chess"]
[Site "Chess.com"]
[Date "2024.06.02"]
[Round "-"]
[White "NeilDruggan73"]
[Black "stevochess11"]
[Result "1-0"]
[WhiteElo "1729"]
[BlackElo "1699"]
[TimeControl "300"]
[EndTime "8:31:21 PDT"]
[Termination "NeilDruggan73 won by checkmate"]

1. d4 c5 2. d5 b5 3. Bg5 f6 4. Bh4 Bb7 5. e3 g6 6. Bxb5 Qa5+ 7. Nc3 Nh6 8. e4 Nf7 9. f4 Nd6 10. Bd3 Bg7 11. Nf3 O-O 12. O-O c4 13. Be2 Qb6+ 14.
Bf2 Qxb2 15. Bd4 Na6 16. Rb1 Qa3 17. e5 fxe5 18. fxe5 Nf5 19. Rxb7 Nxd4 20. Qxd4 d6 21. Rxe7 dxe5 22. Rxg7+ Kxg7 23. Qxe5+ Kg8 24. Bxc4 Rac8 25.
Bb3 Qc5+ 26. Kh1 Qxc3 27. d6+ Rf7 28. Bxf7+ Kxf7 29. Ng5+ Kg8 30. Qxc3 Rxc3 31. Rd1 Rxc2 32. d7 Rxa2 33. d8=Q+ Kg7 34. h4 Nc5 35. Qe7+ Kh6 36. Qxh7# 1-0

[Event "Live Chess"]
[Site "Chess.com"]
[Date "2024.06.02"]
[Round "-"]
[White "friarnator"]
[Black "NottheBishopSacrifice"]
[Result "0-1"]
[WhiteElo "2202"]
[BlackElo "2346"]
[TimeControl "300"]
[EndTime "8:31:27 PDT"]
[Termination "NottheBishopSacrifice won on time"]

1. e4 c6 2. d4 d5 3. Nc3 dxe4 4. Nxe4 Nf6 5. Nxf6+ exf6 6. c3 Bd6 7. Bd3 O-O 8. Qc2 Re8+ 9. Ne2 h5 10. O-O h4 11.
h3 Nd7 12. Bd2 Nf8 13. Rae1 Bd7 14. c4 g6 15. f4 f5 16. Nc3 Nh7 17. d5 c5 18.
Rxe8+ Qxe8 19. Nd1 Nf6 20. Be1 Ne4 21. Bxe4 Qxe4 22.
Qxe4 fxe4 23. Bxh4 f5 24. Bf2 Bxf4 25. Bxc5 Be5 26. b3 b5 27. Ne3 bxc4 28. Nxc4 Bf6 29. g4 Rc8 30. Bxa7 Ra8 31. Be3 Rxa2 32. gxf5 gxf5 33.
Rf2 Ra1+ 34. Rf1 Ra2 35. Rb1 Bb5 36. d6 Re2 37. Bc5 f4 38. Rd1 e3 39. d7 Bd8 40.
Ne5 Rd2 41. Re1 Rd5 42. Ng6 Rxc5 43. Nxf4 Re5 44. Kg2 Bxd7 45. Kf3 Bc6+ 46. Ke2 Bg5 47. Ng6 Re6 48. h4 Bb5+ 49. Kf3 Bc6+ 50. Ke2 Bb5+ 51. Kf3 Bh6 52. Rg1 Kh7 53. Nf4 Bxf4 54. Kxf4 e2 55. Re1 Rd6 56. Kf3 Rd1 57. Kf2 Kh6 58. h5 Kxh5 59. b4 Kg5 60. Rxe2 Bxe2 61. Kxe2 Rb1 0-1

[Event "Live Chess"]
[Site "Chess.com"]
[Date "2024.06.02"]
[Round "-"]
[White "davigator"]
[Black "degringolade64"]
[Result "1-0"]
[WhiteElo "2346"]
[BlackElo "2079"]
[TimeControl "300"]
[EndTime "8:31:30 PDT"]
[Termination "davigator won by resignation"]

1. e4 e5 2. Nf3 Nc6 3. Bc4 Nf6 4. d3 h6 5. O-O d6 6. a4 g6 7. a5 a6 8. Re1 Bg7 9. h3 O-O 10. c3 Kh7 11. Nbd2 Nh5 12. Nf1 f5 13.
exf5 gxf5 14. Ng5+ hxg5 15. Qxh5+ Bh6 16. h4 f4 17. d4 d5 18. Bd3+ e4 19. Rxe4 Bf5 20. Re5 Nxe5 21. Bxf5+ Rxf5 22. dxe5 Qe8 23. Qg4 Qxe5 24.
Bd2 Qf6 25. Nh2 gxh4 26. Qh3 Rg8 27. Nf3 Rf8 28. Re1 Rf7 29. Re8 Bf8 30. Qg4 Rg7 31.
Qh3 Bd6 32. Re1 Re7 33. Rd1 Re2 34. Kf1 Re4 35. b3 Bc5 36. b4 Bd6 37. Nd4 Rfe5 38. Nf3 Rh5 39. Qg4 Qg7 40. Qxh5+ 1-0

[Event "Live Chess"]
[Site "Chess.com"]
[Date "2024.06.02"]
[Round "-"]
[White "halfberg"]
[Black "Andysav3"]
[Result "0-1"]
[WhiteElo "1895"]
[BlackElo "1906"]
[TimeControl "300"]
[EndTime "8:31:40 PDT"]
[Termination "Andysav3 won by resignation"]

1. e4 c5 2. Nf3 Nc6 3. d4 cxd4 4. Nxd4 Nf6 5. Nc3 e5 6. Ndb5 d6 7. Bg5 Be7 8. Bxf6 Bxf6 9. Nd5 O-O 10. c4 a6 11.
Nbc7 Rb8 12. Be2 Nd4 13. O-O Bd7 14. Bg4 Bxg4 15. Qxg4 Rc8 16. Nxf6+ Qxf6 17. Nd5 Qd8 18. b3 b5 19. Rac1 Kh8 20. Kh1 f5 21. exf5 Nxf5 22.
Qe4 bxc4 23. Rxc4 Rxc4 24. Qxc4 Qa5 25. b4 Qa3 26. h3 h5 27. Kg1 g6 28. Qe2 Kg7 29.
Rd1 Nd4 30. Qb2 Qxb2 0-1

[Event "Live Chess"]
[Site "Chess.com"]
[Date "2024.06.02"]
[Round "-"]
[White "Duke_of_Bebington"]
[Black "grillage"]
[Result "0-1"]
[WhiteElo "1572"]
[BlackElo "1874"]
[TimeControl "300"]
[EndTime "8:31:50 PDT"]
[Termination "grillage won by resignation"]

1. e4 d5 2. exd5 Qxd5 3. Nf3 Bg4 4. Be2 Bxf3 5. Bxf3 Qe5+ 6. Qe2 Qxe2+ 7. Bxe2 Nf6 8. O-O e5 9. Bc4 Bc5 10. Re1 Nbd7 11. h3 O-O 12. d3 a6 13. a4 Rfe8 14. Nc3 Bb4 15. Bd2 Nb6 16. Bb3 a5 17. Ne4 Bxd2 18. Nxd2 Rad8 19. Nc4 Nxc4 20. Bxc4 c6 21. Re2 Nd5 22. g3 g6 23. Rae1 Kf8 24. Bxd5 Rxd5 25. b3 f6 26. f4 Kf7 27. Kg2 b5 28. axb5 cxb5 29. fxe5 Rdxe5 30. Rxe5 Rxe5 31. Rxe5 fxe5 32. Kf2 a4 33. bxa4 bxa4 34. Ke2 a3 35. Kd2 a2 36.
Kc3 a1=Q+ 0-1

[Event "Live Chess"]
[Site "Chess.com"]
[Date "2024.06.02"]
[Round "-"]
[White "Kyrylo7770"]
[Black "wadsy27"]
[Result "0-1"]
[WhiteElo "1649"]
[BlackElo "2607"]
[TimeControl "300"]
[EndTime "8:32:05 PDT"]
[Termination "wadsy27 won by checkmate"]

1. d4 d5 2. Bg5 Nf6 3. Nf3 c6 4. e3 Bf5 5. c3 e6 6. Bd3 Bxd3 7.
Qxd3 Nbd7 8. c4 h6 9. Bh4 Qa5+ 10.
Nc3 Bb4 11. c5 Ne4 12. O-O Bxc3 13. bxc3 Qxc3 14. Qe2 g5 15. Rfc1 Qa5 16. Bg3 Nxg3 17. fxg3 Qc7 18. Rf1 f5 19. Rab1 g4 20. Nd2 Nf6 21. Rf4 h5 22. Re1 h4 23. e4 Nxe4 24.
Nxe4 dxe4 25. Qc4 Qd7 26. d5 Qxd5 27. Qc3 O-O-O 28. Rb1 Qd4+ 29. Qxd4 Rxd4 30. Rf2 hxg3 31. hxg3 Rd7 32. Rfb2 Rhd8 33. a4 Rd1+ 34. Rxd1 Rxd1+ 35.
Kf2 Rd3 36. a5 a6 37. Rb1 Rc3 38. Rh1 Rxc5 39. Rh8+ Kc7 40. Rh7+ Kd6 41. Rxb7 Rxa5 42. Ke3 Ra2 43. Kf4 Rxg2 44. Rb3 Rf2+ 45. Kg5 Rf3 46. Rb4 e3 47. Rd4+ Ke5 48. Rc4 e2 49. Rc5+ Kd4 50. Rxc6 e1=Q 51. Rd6+ Ke5 52. Rxa6 Rxg3 53. Kg6 Rh3 54. Kf7 Qb4 55. Rxe6+ Kf4 56. Kf6 Qf8+ 57. Kg6 Rh6# 0-1

[Event "Live Chess"]
[Site "Chess.com"]
[Date "2024.06.02"]
[Round "-"]
[White "Ferrarifan27"]
[Black "gmnorfolk"]
[Result "1-0"]
[WhiteElo "2153"]
[BlackElo "2120"]
[TimeControl "300"]
[EndTime "8:32:12 PDT"]
[Termination "Ferrarifan27 won by resignation"]

1. e4 c5 2. Nf3 d6 3. d4 cxd4 4. Nxd4 Nf6 5. Nc3 a6 6. Bg5 e6 7.
f4 Be7 8. Qf3 Qc7 9. O-O-O Nbd7 10. g4 b5 11. a3 Rb8 12. Bxf6 Nxf6 13. g5 Nd7 14. h4 b4 15. axb4 Rxb4 16. Nb3 Qb6 17.
f5 Ne5 18. Qh5 g6 19. fxg6 fxg6 20. Qe2 a5 21. Na2 Rxb3 22. cxb3 Bd7 23. Qc2 O-O 24. Nc3 Rb8 25. Bh3 a4 26. bxa4 Nc4 27. Nb5 Ne5 28. Qb3 Rc8+ 29. Kb1 Rc4 30. Rc1 Qc5 31. Rxc4 Nxc4 32. Qc3 Bxb5 33. Bxe6+ Kf8 34. Rf1+ Ke8 35.
Qh8+ 1-0

[Event "Live Chess"]
[Site "Chess.com"]
[Date "2024.06.02"]
[Round "-"]
[White "ACM42"]
[Black "Pandreq"]
[Result "1-0"]
[WhiteElo "2157"]
[BlackElo "1232"]
[TimeControl "300"]
[EndTime "8:32:15 PDT"]
[Termination "ACM42 won by resignation"]

1. e4 Nf6 2. e5 Nd5 3. c4 Nb6 4.
c5 Nd5 5. Nc3 c6 6. d4 d6 7.
cxd6 exd6 8. Nf3 dxe5 9. dxe5 Bb4 10. Qc2 Bg4 11. a3 Bxf3 12. axb4 Nxc3 13. bxc3 Bd5 14.
c4 Be6 15. Bd3 Nd7 16. f4 h6 17. f5 Nxe5 18. fxe6 Nxd3+ 19. Ke2 Nxc1+ 20. Raxc1 Qe7 21.
Rhe1 O-O 22. Kf2 fxe6+ 23. Kg1 Qxb4 24. Rxe6 Qc5+ 25. Kh1 Qf2 26. Qxf2 Rxf2 27. Re7 Raf8 28. h4 Rf1+ 29. Rxf1 Rxf1+ 30. Kh2 Rf4 31. Kg3 Rxc4 32. Rxb7 a5 33. Ra7 a4 34. Ra6 c5 35. Ra5 Kf7 36. Kf3 Ke6 37. g3 Kd5 38. Ra7 Rc3+ 39. Kf4 a3 40. Rxg7 Rc2 41. g4 a2 42. Ra7 Rh2 43. Kg3 Rd2 44. g5 hxg5 45. h5 Ke5 46. Ra5 Kf6 47. Ra6+ Kf5 48. Ra5 Rd3+ 49. Kf2 Rh3 50. Rxc5+ Kg4 51. Ra5 Rh2+ 52. Kg1 Kg3 53. Ra3+ Kg4 54.
Kxh2 Kxh5 55. Rxa2 g4 56. Kg3 Kg6 57. Ra5 1-0